 Dungeon Crawl Stone Soup version 0.30-a0-335-ge5acde7520 (webtiles) character file.

Game seed: 1139144102177630425

45 billz999 the Sneak (level 3, 0/24 HPs)
             Began as a Vampire Earth Elementalist on Oct 31, 2022.
             Killed from afar by Sigmund (5 damage)
             ... with a magic dart
             ... on level 2 of the Dungeon.
             The game lasted 00:01:51 (1120 turns).

billz999 the Sneak (Vampire Earth Elementalist)     Turns: 1120, Time: 00:01:52

Health: 0/24       AC:  3    Str:  7    XL:     3   Next: 42%
Magic:  6/6        EV: 12    Int: 19    God:
Gold:   69         SH:  0    Dex: 14    Spells: 5/6 levels left

rFire   x . .      SeeInvis +    d - +3 rapier
rCold   + . .      Faith    .    (no shield)
rNeg    . . .      Spirit   .    a - +0 robe
rPois   .          Reflect  .    (no helmet)
rElec   .          Harm     .    (no cloak)
rCorr   .          Rampage  .    f - +0 pair of gloves
Will    .....                    (no boots)
Stlth   +++.......               (no amulet)
HPRegen 0.44/turn                c - ring of ice
MPRegen 0.10/turn                (no ring)

@: healing quickly
A: alive, fangs 3, see invisible, vampiric 2
a: Exsanguinate


You were on level 2 of the Dungeon.
You visited 1 branch of the dungeon, and saw 2 of its levels.

You collected 69 gold pieces.

Inventory:

Hand Weapons
 d - a +3 rapier (weapon)
Armour
 a - a +0 robe (worn)
 f - a +0 pair of gloves (worn)
Jewellery
 c - a ring of ice (left hand)
Scrolls
 g - 2 scrolls of identify {unknown}
 h - a scroll of enchant weapon {unknown}
 i - 2 scrolls of magic mapping {unknown}
 k - a scroll of blinking {unknown}
 l - a scroll of teleportation {unknown}
Potions
 b - a potion of magic
 e - 2 potions of curing {unknown}
 j - a potion of flight {unknown}


   Skills:
 - Level 2.1 Dodging
 * Level 5.3 Stealth
 - Level 2.0 Spellcasting
 + Level 2.2 Transmutations
 - Level 3.0 Earth Magic


You had 5 spell levels left.
You knew the following spells:

 Your Spells              Type           Power      Damage    Failure   Level
a - Sandblast             Erth           26%        2d8       4%          1

Your spell library contained the following spells:

 Spells                   Type           Power      Damage    Failure   Level
 Passwall                 Tmut/Erth      9%         N/A       9%          2
 Apportation              Tloc           2%         N/A       17%         1
 Stone Arrow              Conj/Erth      14%        3d7       26%         3
 Petrify                  Tmut/Erth      11%        N/A       50%         4
 Alistair's Intoxication  Tmut/Pois      4%         N/A       96%         5


Dungeon Overview and Level Annotations

Branches:
Dungeon (2/15)

Altars:

Annotations:
D:2 Sigmund


Innate Abilities, Weirdness & Mutations

Your natural rate of healing is accelerated.
You have razor-sharp teeth.
You have supernaturally acute eyesight. (SInv)
You are afflicted with vampirism and can become a bat while bloodless.


Message History

Done exploring.
Done exploring.
(D) Dungeon
Where to? (Enter - D:1 @ (x,y), ? - help)
What level of the Dungeon? (default 1, ? - help)
There is a stone staircase leading down here.
You climb downwards.
Found a scroll labelled QUTOIPHEULU.
There is a stone staircase leading up here.
An endoplasm is nearby!
Found a scroll labelled ITZUCW UNKUPT.
The helpless endoplasm fails to defend itself.
You puncture the endoplasm!
You kill the endoplasm!
l - a scroll labelled ITZUCW UNKUPT Sigmund the Dreaded comes into view.
He is wielding a +2 vampiric scythe.
Sigmund is nearby!
Sigmund shouts!
Sigmund mumbles some strange words.
Sigmund flickers and vanishes for a moment.
Casting: Sandblast (safe; 4% risk of failure)
Confirm with . or Enter, or press ? or * to list all spells.
Aiming: Sandblast (safe; 4% risk of failure)
Press: ? - help, Shift-Dir - straight line, f - Sigmund
Aim: Sigmund, wielding a +2 vampiric scythe and wearing a +0 robe (slightly transparent, 80% to hit)
The blast of sand hits Sigmund but does no damage.
Sigmund hits you from afar with a +2 vampiric scythe!
Unknown command.
Sigmund barely misses you.
You aren't carrying any items that you can evoke.
Unknown command.
A kobold comes into view. It is wielding a +0 dagger.
Sigmund is nearby!
Sigmund casts a spell at you. The puff of flame hits you!
The fire burns you terribly!
Ouch! That really hurt!
* * * LOW HITPOINT WARNING * * *
Sigmund points at you and mumbles some strange words.
The magic dart hits you.
You die...

##### ###### ....##....#
#@.#....# #......#
##@....### ##...?...#####
.K#####..##.##.....#######
.......@##...##...........
....###.....@.....<##....
..#.......................
...................#.....
.##................# ####
##..............##
#........##...##
#.....##.######
.....####.# .#.## #.#


You could see Sigmund (invisible).

Vanquished Creatures
  3 dart slugs (D:1)
  5 ball pythons (D:1)
  4 endoplasms
  3 goblins (D:1)
  2 hobgoblins (D:1)
  4 jackals (D:1)
  3 quokkas (D:1)
  3 bats (D:1)
  4 frilled lizards (D:1)
  3 kobolds (D:1)
  2 rats (D:1)
36 creatures vanquished.

Notes
Turn   | Place    | Note
-------+----------+-------------------------------------------
     0 | D:1      | billz999 the Vampire Earth Elementalist began the quest for
                  | the Orb.
     0 | D:1      | Reached XP level 1. HP: 13/13 MP: 3/3
   114 | D:1      | Reached skill level 4 in Stealth
   114 | D:1      | Reached XP level 2. HP: 19/19 MP: 1/5
   457 | D:1      | Gained mutation: You are afflicted with vampirism and can
                  | become a bat while bloodless. [Vampire growth]
   457 | D:1      | Reached XP level 3. HP: 18/24 MP: 2/6
   479 | D:1      | Reached skill level 5 in Stealth
  1107 | D:2      | Noticed Sigmund
  1120 | D:2      | Killed from afar by Sigmund

Illustrated notes

Levels and vault maps discovered:
D:1:      nicolae_arrival_washed_ashore, layout_loops_ring, amethyst_killhole,
          nrook_mini_backslash, minmay_pentomino_w4
D:2:      layout_rooms, uniq_sigmund

Skill      XL: |  1  2  3 |
---------------+----------+-----
Stealth        | 4 5 |  5.3
Transmutations | 2 |  2.2
Dodging        | |  2.1
Spellcasting   | |  2.0
Earth Magic    | |  3.0

Action                   || total
-------------------------++-------
Melee: Rapier            ||    25
       Bite              ||     2
 Cast: Sandblast         ||    28
 Stab: Sleeping          ||     5
Armor: Robe              ||     6
Dodge: Dodged            ||    28

Table legend: (Time is in decaauts)
 A = Elapsed time spent in this place.
 B = Non-inter-level travel time spent in this place.
 C = Inter-level travel time spent in this place.
 D = Time resting spent in this place.
 E = Time spent auto-exploring this place.
 F = Levels seen in this place.
 G = Mean time per level.
                   A        B        C        D        E       F      G
               +--------+--------+--------+--------+--------+-----+--------+
         Total |   1137 |   1099 |     38 |     14 |    900 |   2 |  568.5 |
       Dungeon |   1137 |   1099 |     38 |     14 |    900 |   2 |  568.5 |
               +--------+--------+--------+--------+--------+-----+--------+

Top non-repeatable levels by time:
     D:1: 1109 daAuts
     D:2: 28 daAuts
